 Dungeon Crawl Stone Soup version 0.32-a0-931-g5a2cda0630 (webtiles) character file.

Game seed: 14533321220709426243

4 Griffin23 the Chopper (level 1, 20/20 HPs)
             Began as a Minotaur Berserker on Apr 13, 2024.
             Was a Follower of Trog.
             Quit the game on level 1 of the Dungeon.
             The game lasted 00:00:12 (77 turns).

Griffin23 the Chopper (Minotaur Berserker)            Turns: 77, Time: 00:00:13

Health: 20/20      AC:  2    Str: 21    XL:     1   Next: 50%
Magic:  0/0        EV: 11    Int:  4    God:    Trog [*.....]
Gold:   0          SH:  0    Dex:  9    Spells: 0/0 levels left

rFire   . . .        a - +0 hand axe
rCold   . . .        (no shield)
rNeg    . . .        b - +0 animal skin
rPois   .            (helmet restricted)
rElec   .            (no cloak)
rCorr   .            (no gloves)
SInv    .            (no boots)
Will    .....        (no amulet)
Stlth   +            (no ring)
HPRegen 0.23/turn    (no ring)
MPRegen 0.07/turn

%: no passive effects
@: no status effects
A: horns 2, retaliatory headbutt
a: Renounce Religion, Berserk


You were on level 1 of the Dungeon.
You worshipped Trog.
Trog was aware of your devotion.
You visited 1 branch of the dungeon, and saw 1 of its levels.

Inventory:

Hand Weapons
 a - a +0 hand axe (weapon)
Armour
 b - a +0 animal skin (worn)
Scrolls
 d - a scroll of amnesia {unknown}
 e - a scroll of identify {unknown}
Potions
 c - 2 potions of haste {unknown}


   Skills:
 + Level 3.7 Fighting
 + Level 3.7 Axes
 + Level 2.5 Armour
 + Level 2.3 Dodging


You couldn't memorise any spells.
You didn't know any spells.
Your spell library was empty.

Dungeon Overview and Level Annotations

Branches:
Dungeon (1/15)

Altars:


Innate Abilities, Weirdness & Mutations

You have a pair of horns on your head.
You reflexively headbutt those who attack you in melee.


Message History

You open the door.
A ball python comes into view.
There is an open door here.
A ball python is nearby!
A ball python is nearby!
The ball python bites you but does no damage.
A ball python is nearby!
You hit the ball python.
You kill the ball python!
Trog accepts your kill.
You open the door.
There is an open door here.
A ball python comes into view.
Found a scroll labelled UGAGROSUCUN.
The ball python hisses angrily.
You slash the ball python!
You kill the ball python!
Trog accepts your kill.
A bat comes into view.
The bat hits you.
You see here a scroll labelled UGAGROSUCUN.
A bat is nearby!
The bat closely misses you. You furiously retaliate!
You headbutt the bat.
You kill the bat!
Trog accepts your kill.
HP restored.
d - a scroll labelled UGAGROSUCUN No target in view!
e - a scroll labelled COKKUIKUIZ No target in view!
Found a stone staircase leading down.
No target in view!
There is a stone staircase leading down here.
A rat comes into view.
Found a scroll labelled KOUNUC QIOSORCH.
The rat squeaks loudly.
The rat moves out of view.
Unknown command.
Unknown command.
Are you sure you want to abandon this character and quit the game? (Confirm with "yes".)

####. ##
#... # #.
...#
#.###.##...#
...#.#..#.#
...#.##.#
#.#.##.#
#.@>...#
#$####.# #.
#.# .. #.###
##. #...####
#.
###....###
.? ####...#
.# ###.####
###....#


There were no monsters in sight!

Vanquished Creatures
  2 ball pythons (D:1)
  A bat (D:1)
  A frilled lizard (D:1)
4 creatures vanquished.

Notes
Turn   | Place    | Note
-------+----------+-------------------------------------------
     0 | D:1      | Griffin23 the Minotaur Berserker began the quest for the
                  | Orb.
     0 | D:1      | Reached XP level 1. HP: 19/19 MP: 0/0
    77 | D:1      | Quit the game

Illustrated notes

Levels and vault maps discovered:
D:1:      elethiomel_arrival_infinity_welcomes_careful_drivers, layout_basic

Action                     || total
---------------------------++-------
  Melee: Hand axe          ||     3
 Armour: Animal skin       ||     2
  Dodge: Dodged            ||     2

Table legend: (Time is in decaauts)
 A = Elapsed time spent in this place.
 B = Non-inter-level travel time spent in this place.
 C = Inter-level travel time spent in this place.
 D = Time resting spent in this place.
 E = Time spent auto-exploring this place.
 F = Levels seen in this place.
 G = Mean time per level.
                   A        B        C        D        E       F      G
               +--------+--------+--------+--------+--------+-----+--------+
         Total |     77 |     77 |      0 |      0 |     56 |   1 |   77.0 |
       Dungeon |     77 |     77 |      0 |      0 |     56 |   1 |   77.0 |
               +--------+--------+--------+--------+--------+-----+--------+

Top non-repeatable levels by time:
     D:1: 77 daAuts
